 Dungeon Crawl Stone Soup version 0.17.1-1-g73c8601 (webtiles) character file.

3399 Implojin the Grappler (level 9, -3/126 (127) HPs)
             Began as a Troll Monk on Apr 6, 2016.
             Slain by a catoblepas (28 damage)
             ... on level 8 of the Dungeon.
             The game lasted 00:14:32 (2387 turns).

Implojin the Grappler (Troll Monk)                  Turns: 2387, Time: 00:14:32

HP:   -3/126 (127)  AC:  5    Str: 26    XL:     9   Next: 75%
MP:   8/8           EV: 10    Int:  6    God:
Gold: 333           SH:  0    Dex: 15    Spells: 0 memorised, 8 levels left

rFire  . . .     SeeInvis .       - Unarmed
rCold  . . .     Clarity  .     a - +0 robe
rNeg   . . .     SustAt   .     (no shield)
rPois  .         Gourm    +     (helmet restricted)
rElec  .         Spirit   .     (no cloak)
rCorr  .         Warding  .     (gloves unavailable)
rMut   .         Stasis   .     (boots unavailable)
MR     .....                    p - amulet of regeneration
Stlth  ..........               (no ring)
                                (no ring)

@: berserking, drained, very quick, not resistant to hostile enchantments,
extremely unstealthy
A: unfitting armour, claws 3, fast metabolism 3, gourmand, regeneration 2,
shaggy fur 1, tough skin 2
a: no special abilities


You were on level 8 of the Dungeon.
You were not hungry.

You visited 1 branch of the dungeon, and saw 8 of its levels.
You also visited: Ossuary.

You collected 333 gold pieces.

Inventory:

Missiles
 o - 4 tomahawks (quivered)
Armour
 a - a +0 robe (worn)
 m - a +0 shield
Magical Staves
 d - an uncursed staff of conjuration {unknown}
Jewellery
 f - an uncursed amulet of warding
 p - an amulet of regeneration (around neck)
Wands
 k - a wand of frost (19)
 n - a wand of draining (2)
 r - a wand of slowing (36)
 u - a wand of slowing (13)
Scrolls
 j - a scroll of enchant armour
 l - a scroll of amnesia
 t - a scroll of blinking
Potions
 c - a potion of haste
 e - 2 potions of poison
 h - a potion of brilliance
 i - 3 potions of berserk rage
 q - a potion of degeneration {unknown}
Comestibles
 b - 2 bread rations
 g - a royal jelly


   Skills:
 * Level 4.7(4.4) Fighting
 - Level 2.4(2.1) Dodging
 - Level 1.1(0.8) Stealth
 - Level 13.1(12.8) Unarmed Combat


You had 8 spell levels left.
You didn't know any spells.

Dungeon Overview and Level Annotations

Branches:
Dungeon (8/15)
 Temple: D:4-7         Lair: D:8-11

Altars:
Dithmenos
Kikubaaqudgha
Qazlal
Trog
Vehumet
Zin

Shops:
D:7 %


Innate Abilities, Weirdness & Mutations

You are too large for most types of armour.
You have claws for hands.
Your metabolism is lightning-fast.
You like to eat raw meat.
You heal very quickly.
You are covered in fur (AC +1).
You have very tough skin (AC +2).


Message History

A catoblepas comes into view.
You see here a silver tomahawk.
You closely miss the orc wizard.
The catoblepas bellows!
Your claw misses the orc wizard.
The orc wizard is severely wounded.
The orc wizard misses you.
The catoblepas breathes a plume of calcifying dust at you.
The blast of calcifying dust hits the wight.
The blast of calcifying dust hits the orc wizard.
The orc wizard dies!
The blast of calcifying dust hits you!
You completely miss the orc.
The orc hits you with an enchanted short sword.
The wight is engulfed in calcifying dust.
The wight stops moving altogether!
You barely miss the orc.
The orc hits you with an enchanted short sword.
The wight is engulfed in calcifying dust.
You closely miss the orc. You mangle the orc!!
You kill the orc!
The catoblepas breathes a plume of calcifying dust at you.
The blast of calcifying dust hits the wight.
The blast of calcifying dust hits you!
* * * LOW HITPOINT WARNING * * *
You claw the catoblepas!
The catoblepas is lightly wounded.
The catoblepas gores you!
* * * LOW HITPOINT WARNING * * *
You scratch the catoblepas. You claw the catoblepas!
The catoblepas is moderately wounded.
The catoblepas gores you!!
* * * LOW HITPOINT WARNING * * *
Read which item? (? for menu, Esc to quit)
Okay, then.
Drink which item? (? for menu, Esc to quit)
A red film seems to cover your vision as you go berserk!
You feel yourself moving faster!
You feel mighty! The catoblepas gores you!!
You die...

#.# .<.#### #.#
.....$ #.# ..... ###
#.# ...#
##.###.###...####
.####...##†##Y...P..#
.......((z).§.....PP.
.####§§§##.##.#....P.
##.@Y..##.# .....
#.######.# #### #.#
#.# #####.# #.#
..##.# #.# . #.##.#
#.# l...####.##.#
#....[...# .
.>...###.####


You could see a catoblepas.

Vanquished Creatures
  A hill giant (D:6)
  The ghost of Implojin the Grappler, a novice TrMo (Ossuary)
  Grinder (D:6)
  The ghost of Implojin the Ruffian, an amateur TrMo (D:4)
  A hippogriff (D:7)
  2 orc warriors
  2 ice beasts (D:5)
  3 phantoms
  A sky beast (D:5)
  2 necrophages
  An ogre (D:4)
  A giant frog (D:7)
  3 scorpions
  A wyvern skeleton (D:7)
  3 wights
  A crimson imp (D:7)
  2 human zombies (Ossuary)
  A centaur zombie (D:8)
  3 hounds
  2 orc priests
  A quasit (D:7)
  4 worker ants
  A killer bee zombie (D:6)
  2 mummies (Ossuary)
  A worker ant zombie (D:8)
  3 adders
  7 gnolls (D:8)
  3 shadow imps
  2 adder zombies (Ossuary)
  A worm (D:2)
  A giant gecko (D:5)
  15 orcs
  A hobgoblin (D:2)
  3 quokkas
  A ball python (D:2)
  A ball python skeleton (D:4)
  A bat (D:4)
  5 giant cockroaches
  3 giant newts
  5 hobgoblin zombies (Ossuary)
  5 jackal zombies (Ossuary)
  A kobold (D:2)
  9 kobold zombies (Ossuary)
  11 orc zombies (Ossuary)
  A quokka skeleton (D:6)
  A quokka zombie (D:7)
  3 rat zombies (Ossuary)
125 creatures vanquished.

Vanquished Creatures (others)
  An orc wizard (D:8)
1 creature vanquished.

Grand Total: 126 creatures vanquished

Notes
Turn   | Place    | Note
--------------------------------------------------------------
     0 | D:1      | Implojin the Troll Monk began the quest for the Orb.
     0 | D:1      | Reached XP level 1. HP: 22/22 MP: 0/0
   105 | D:2      | Reached XP level 2. HP: 29/29 MP: 1/1
   201 | D:4      | Noticed an ogre
   202 | D:4      | Noticed Implojin's ghost (amateur TrMo)
   265 | D:4      | Killed an ogre
   265 | D:4      | Reached skill level 5 in Unarmed Combat
   265 | D:4      | Reached XP level 3. HP: 17/36 MP: 2/2
   265 | D:4      | Reached XP level 4. HP: 20/44 MP: 3/3
   281 | D:4      | Noticed a scorpion
   304 | D:4      | Reached skill level 6 in Unarmed Combat
   329 | D:4      | Killed Implojin's ghost
   329 | D:4      | Reached skill level 7 in Unarmed Combat
   329 | D:4      | Reached XP level 5. HP: 13/50 MP: 4/4
   329 | D:4      | Reached XP level 6. HP: 15/59 MP: 5/5
   338 | D:4      | Killed a scorpion
   515 | D:4      | Noticed an orc warrior
   554 | D:4      | Found a sand-covered staircase.
   558 | Ossuary  | Entered an ossuary
   593 | Ossuary  | Noticed Implojin's ghost (novice TrMo)
   611 | Ossuary  | HP: 1/59 [Implojin's ghost (22)]
   629 | Ossuary  | Killed Implojin's ghost
   629 | Ossuary  | Reached skill level 9 in Unarmed Combat
   629 | Ossuary  | Reached XP level 7. HP: 32/66 MP: 6/6
   780 | D:4      | Killed an orc warrior
  1015 | D:5      | Entered Level 5 of the Dungeon
  1046 | D:5      | Reached skill level 10 in Unarmed Combat
  1052 | D:5      | Reached XP level 8. HP: 52/74 MP: 7/7
  1186 | D:5      | Found a stormy altar of Qazlal.
  1191 | D:5      | Found a radiant altar of Vehumet.
  1191 | D:5      | Found a glowing silver altar of Zin.
  1238 | D:6      | Reached skill level 11 in Unarmed Combat
  1267 | D:6      | Noticed a hill giant
  1285 | D:6      | Killed a hill giant
  1285 | D:6      | Reached skill level 12 in Unarmed Combat
  1423 | D:7      | Reached XP level 9. HP: 68/80 MP: 8/8
  1480 | D:7      | Found Bachaf's Food Shoppe.
  1589 | D:7      | HP: 2/80 [orc warrior/halberd (18)]
  1701 | D:7      | Found an ancient bone altar of Kikubaaqudgha.
  1735 | D:7      | Found a shadowy altar of Dithmenos.
  1761 | D:6      | Found a bloodstained altar of Trog.
  1772 | D:6      | Noticed Grinder
  1785 | D:6      | Killed Grinder
  1785 | D:6      | Reached skill level 13 in Unarmed Combat
  2054 | D:5      | Reached skill level 3 in Fighting
  2254 | D:5      | You fall through a shaft for 3 floors!
  2340 | D:8      | Reached skill level 4 in Fighting
  2376 | D:8      | Noticed a catoblepas
  2387 | D:8      | Slain by a catoblepas

Action                   |  1- 3 |  4- 6 |  7- 9 || total
-------------------------+-------+-------+-------++-------
Melee: Unarmed           |    18 |    63 |   296 ||   377
Throw: Tomahawk          |       |       |     5 ||     5
  Use: Scroll            |     3 |     1 |     7 ||    11
       Potion            |       |     4 |     2 ||     6
 Stab: Sleeping          |       |       |     1 ||     1
  Eat: Chunk             |       |     2 |    10 ||    12
       Bread ration      |       |       |     2 ||     2

Table legend:
 A = Turns spent in this place as a percentage of turns spent in the entire game.
 B = Non-inter-level travel turns spent in this place as a percentage of non-inter-level travel turns spent in the entire game.
 C = Inter-level travel turns spent in this place as a percentage of turns spent in this place.
 D = Turns resting spent in this place as a percentage of non-inter-level travel turns spent in this place.
 E = Turns spent auto-exploring this place as a percentage of non-inter-level travel turns spent in this place.
 F = Non-inter-level travel turns spent in this place divided by the number of levels of this place that you've seen.
                   A       B       C       D       E      F
               +-------+-------+-------+-------+-------+----------------------
         Total | 100.0 | 100.0 |   0.0 |   0.0 |   0.0 | 261.2
       Dungeon |  90.7 |  90.7 |   0.0 |   0.0 |   0.0 | 266.5
       Ossuary |   9.3 |   9.3 |   0.0 |   0.0 |   0.0 | 219.0
               +-------+-------+-------+-------+-------+----------------------

Table legend:
 A = Kills in this place as a percentage of kills in entire the game.
 B = Kills by you in this place as a percentage of kills by you in the entire game.
 C = Kills by friends in this place as a percentage of kills by friends in the entire game.
 D = Other kills in this place as a percentage of other kills in the entire game.
 E = Experience gained in this place as a percentage of experience gained in the entire game.
 F = Experience gained in this place divided by the number of levels of this place that you have seen.
                   A       B       C       D       E      F
               +-------+-------+-------+-------+-------+----------------------
         Total | 100.0 | 100.0 |  -nan | 100.0 | 100.0 | 539.6
       Dungeon |  68.3 |  68.0 |  -nan | 100.0 |  86.4 | 524.5
       Ossuary |  31.7 |  32.0 |  -nan |   0.0 |  13.6 | 660.0
               +-------+-------+-------+-------+-------+----------------------
